2264 views
Uploaded 2022-03-26 14:28:54
Game version 1.32.10
32:45 long 1on1on1on1 ladder game on (4)LostTemple_LV
Saved by IIlIIlIllIII
2264 views
Uploaded 2022-03-26 14:28:54
Game version 1.32.10
32:45 long 1on1on1on1 ladder game on (4)LostTemple_LV

67 units @ 8k
/ 0.4k
33 buildings @ 5.8k
/ 1.3k



x2)
| Rod of Necromancy | 3 | 450 |
| Sacrificial Skull | 1 | 50 |
| Potion of Mana | 4 | 800 |
| Orb of Corruption | 1 | 375 |
| Scroll of Town Portal | 5 | 1750 |
| Scroll of Healing | 6 | 1500 |
| Boots of Speed | 2 | 500 |
| Periapt of Vitality | 2 | 650 |
| Potion of Lesser Invulnerability | 1 | 150 |
| Scroll of Protection | 2 | 300 |
| Tome of Retraining | 2 | 600 |
| total: | 29 | 7125g |
| Acolyte | 20 | 1500 | / | 0 |
| Ghoul | 36 | 4320 | / | 0 |
| Obsidian Statue | 3 | 600 | / | 105 |
| Gargoyle | 7 | 1225 | / | 210 |
| Goblin Shredder | 1 | 375 | / | 100 |
| total: | 67 | 8020g | / | 415w |
| Nerubian Tower | 5 | 500 | / | 100 |
| Spirit Tower | 3 | 435 | / | 120 |
| Altar of Darkness | 2 | 360 | / | 100 |
| Crypt | 6 | 1200 | / | 300 |
| Ziggurat | 12 | 1800 | / | 600 |
| Tomb of Relics | 4 | 520 | / | 120 |
| Necropolis | 6 | 1350 | / | 0 |
| Graveyard | 2 | 430 | / | 0 |
| Slaughterhouse | 1 | 140 | / | 135 |
| Halls of the Dead | 1 | 320 | / | 210 |
| Black Citadel | 1 | 325 | / | 230 |
| total: | 33 | 5800g | / | 1255w |
| 0:01 | Acolyte |
| 0:04 | Altar of Darkness |
| 0:06 | Crypt |
| 0:14 | Acolyte |
| 0:30 | Ziggurat |
| 0:52 | Ziggurat |
| 1:07 | Ghoul |
| 1:12 | Tomb of Relics |
| 1:24 | Ghoul |
| 1:39 | Ghoul |
| 1:59 | Ghoul |
| 2:10 | Acolyte |
| 2:18 | Ghoul |
| 2:20 | Rod of Necromancy |
| 2:20 | Sacrificial Skull |
| 2:22 | Sleep |
| 2:32 | Ghoul |
| 2:42 | Ghoul |
| 3:02 | Ghoul |
| 3:22 | Necropolis |
| 3:31 | Cannibalize |
| 3:35 | Vampiric Aura |
| 4:38 | Halls of the Dead |
| 4:45 | Sleep |
| 4:54 | Ghoul |
| 4:54 | Ghoul |
| 4:58 | Ziggurat |
| 4:59 | Acolyte |
| 5:09 | Altar of Darkness |
| 5:21 | Tomb of Relics |
| 5:22 | Acolyte |
| 5:22 | Acolyte |
| 5:50 | Nerubian Tower |
| 5:51 | Acolyte |
| 6:09 | Ghoul |
| 6:10 | Graveyard |
| 6:37 | Crypt |
| 6:38 | Nerubian Tower |
| 6:53 | Boots of Speed |
| 7:02 | Black Citadel |
| 7:04 | Ghoul |
| 7:07 | Ziggurat |
| 7:22 | Ghoul |
| 7:52 | Vampiric Aura |
| 8:05 | Ghoul |
| 8:26 | Unholy Strength |
| 8:30 | Ghoul |
| 8:31 | Ghoul |
| 8:54 | Tomb of Relics |
| 8:57 | Ghoul |
| 8:57 | Ghoul |
| 8:58 | Unholy Armor |
| 9:20 | Death Coil |
| 9:45 | Ghoul |
| 9:45 | Ghoul |
| 9:54 | Ziggurat |
| 10:07 | Crypt |
| 10:09 | Slaughterhouse |
| 10:14 | Ghoul Frenzy |
| 10:35 | Rod of Necromancy |
| 10:35 | Potion of Mana |
| 11:01 | Ghoul |
| 11:20 | Ghoul |
| 11:23 | Ghoul |
| 11:24 | Ghoul |
| 11:25 | Ghoul |
| 11:34 | Sleep |
| 11:42 | Ghoul |
| 11:44 | Unholy Aura |
| 11:45 | Acolyte |
| 11:45 | Acolyte |
| 12:26 | Ghoul |
| 12:28 | Ghoul |
| 12:49 | Obsidian Statue |
| 12:54 | Crypt |
| 13:18 | Creature Attack |
| 13:49 | Death Coil |
| 14:01 | Frost Nova |
| 14:02 | Orb of Corruption |
| 14:02 | Scroll of Town Portal |
| 14:03 | Scroll of Healing |
| 14:03 | Rod of Necromancy |
| 14:44 | Improved Creature Attack |
| 14:45 | Destroyer Form |
| 14:51 | Ghoul |
| 15:16 | Ghoul |
| 15:32 | Inferno |
| 15:47 | Potion of Mana |
| 16:10 | Ghoul |
| 16:11 | Ghoul |
| 16:22 | Necropolis |
| 16:32 | Obsidian Statue |
| 16:59 | Frost Armor |
| 17:03 | Unholy Aura |
| 17:05 | Stone Form |
| 18:03 | Acolyte |
| 18:03 | Acolyte |
| 18:03 | Acolyte |
| 18:03 | Acolyte |
| 18:21 | Ghoul |
| 18:22 | Acolyte |
| 18:22 | Acolyte |
| 18:55 | Potion of Mana |
| 18:55 | Scroll of Healing |
| 19:13 | Frost Nova |
| 19:22 | Scroll of Healing |
| 19:28 | Spirit Tower |
| 19:43 | Gargoyle |
| 19:52 | Acolyte |
| 20:00 | Death Coil |
| 20:09 | Spirit Tower |
| 20:11 | Ziggurat |
| 20:31 | Vampiric Aura |
| 20:34 | Gargoyle |
| 20:39 | Acolyte |
| 20:56 | Crypt |
| 21:11 | Ghoul |
| 21:12 | Ghoul |
| 21:40 | Spirit Tower |
| 21:43 | Gargoyle |
| 21:44 | Gargoyle |
| 21:46 | Obsidian Statue |
| 22:11 | Scroll of Town Portal |
| 22:11 | Potion of Mana |
| 22:12 | Scroll of Healing |
| 22:36 | Advanced Creature Attack |
| 22:39 | Ghoul |
| 22:43 | Dark Ritual |
| 23:30 | Acolyte |
| 23:35 | Frost Nova |
| 24:02 | Acolyte |
| 24:15 | Goblin Shredder |
| 24:19 | Graveyard |
| 24:31 | Necropolis |
| 24:35 | Creature Carapace |
| 24:47 | Necropolis |
| 24:52 | Boots of Speed |
| 24:52 | Periapt of Vitality |
| 24:53 | Scroll of Town Portal |
| 24:56 | Potion of Lesser Invulnerability |
| 24:56 | Scroll of Healing |
| 24:57 | Scroll of Protection |
| 25:02 | Necropolis |
| 25:40 | Tome of Retraining |
| 25:40 | Retrain Hero |
| 25:41 | Carrion Swarm |
| 25:41 | Carrion Swarm |
| 25:41 | Sleep |
| 25:42 | Sleep |
| 25:44 | Improved Creature Carapace |
| 26:01 | Ziggurat |
| 26:22 | Gargoyle |
| 26:25 | Gargoyle |
| 26:38 | Ziggurat |
| 26:55 | Nerubian Tower |
| 26:56 | Ziggurat |
| 27:50 | Nerubian Tower |
| 27:52 | Tomb of Relics |
| 27:59 | Advanced Creature Carapace |
| 28:30 | Web |
| 29:00 | Necropolis |
| 29:53 | Ziggurat |
| 29:58 | Burrow |
| 30:01 | Acolyte |
| 30:24 | Crypt |
| 30:25 | Ziggurat |
| 31:07 | Ziggurat |
| 31:13 | Gargoyle |
| 31:17 | Tome of Retraining |
| 31:17 | Retrain Hero |
| 31:19 | Carrion Swarm |
| 31:19 | Carrion Swarm |
| 31:19 | Sleep |
| 31:20 | Inferno |
| 31:21 | Sleep |
| 31:22 | Nerubian Tower |
| 31:25 | Scroll of Town Portal |
| 31:27 | Scroll of Town Portal |
| 31:30 | Periapt of Vitality |
| 31:30 | Scroll of Healing |
| 31:33 | Scroll of Protection |
| 32:22 | Vampiric Aura |
| 32:39 | Unholy Aura |
| Select group | 2283 |
| Right click | 1706 |
| Chat | 1118 |
| Select | 833 |
| Misc. action | 537 |
| Assign group | 241 |
| Build/train/purchase | 226 |
| Use ability | 183 |
| Item give/drop | 9 |
| Esc | 3 |
46 units @ 6.5k
/ 0.8k
18 buildings @ 2.9k
/ 1.1k


| Scroll of Town Portal | 2 | 700 |
| Scroll of Healing | 1 | 250 |
| Potion of Lesser Invulnerability | 1 | 150 |
| Scroll of Protection | 1 | 150 |
| total: | 5 | 1250g |
| Acolyte | 13 | 975 | / | 0 |
| Ghoul | 7 | 840 | / | 0 |
| Crypt Fiend | 9 | 1935 | / | 360 |
| Necromancer | 7 | 1015 | / | 140 |
| Gargoyle | 10 | 1750 | / | 300 |
| total: | 46 | 6515g | / | 800w |
| Spirit Tower | 4 | 580 | / | 160 |
| Altar of Darkness | 1 | 180 | / | 50 |
| Ziggurat | 9 | 1350 | / | 450 |
| Crypt | 2 | 400 | / | 100 |
| Graveyard | 1 | 215 | / | 0 |
| Necropolis | 1 | 225 | / | 0 |
| Tomb of Relics | 1 | 130 | / | 30 |
| Sacrificial Pit | 1 | 75 | / | 150 |
| Temple of the Damned | 2 | 310 | / | 280 |
| Halls of the Dead | 1 | 320 | / | 210 |
| Black Citadel | 1 | 325 | / | 230 |
| total: | 18 | 2885g | / | 1060w |
| 0:03 | Acolyte |
| 0:03 | Acolyte |
| 0:20 | Altar of Darkness |
| 0:24 | Ziggurat |
| 0:27 | Acolyte |
| 0:44 | Crypt |
| 1:01 | Crypt |
| 1:30 | Ziggurat |
| 1:47 | Graveyard |
| 1:49 | Ghoul |
| 2:02 | Ghoul |
| 2:14 | Ghoul |
| 2:22 | Carrion Beetles |
| 2:44 | Ghoul |
| 3:02 | Ziggurat |
| 3:43 | Crypt Fiend |
| 4:23 | Spiked Carapace |
| 4:33 | Crypt Fiend |
| 4:45 | Halls of the Dead |
| 5:29 | Creature Attack |
| 5:30 | Creature Carapace |
| 5:43 | Carrion Beetles |
| 6:29 | Crypt Fiend |
| 7:01 | Ziggurat |
| 7:03 | Ziggurat |
| 7:10 | Acolyte |
| 7:10 | Acolyte |
| 7:10 | Acolyte |
| 7:10 | Acolyte |
| 7:10 | Acolyte |
| 7:32 | Spiked Carapace |
| 7:55 | Necropolis |
| 8:02 | Ziggurat |
| 8:04 | Ziggurat |
| 8:56 | Improved Creature Attack |
| 10:18 | Carrion Beetles |
| 10:48 | Crypt Fiend |
| 10:48 | Crypt Fiend |
| 10:51 | Spirit Tower |
| 12:19 | Black Citadel |
| 12:21 | Improved Creature Carapace |
| 12:28 | Sacrificial Pit |
| 12:37 | Temple of the Damned |
| 12:55 | Crypt Fiend |
| 13:31 | Frost Nova |
| 13:33 | Crypt Fiend |
| 13:40 | Temple of the Damned |
| 13:45 | Ziggurat |
| 13:49 | Ziggurat |
| 13:59 | Necromancer |
| 14:00 | Necromancer |
| 14:34 | Spirit Tower |
| 14:40 | Spirit Tower |
| 14:42 | Spirit Tower |
| 14:55 | Necromancer |
| 15:01 | Unholy Armor |
| 16:14 | Necromancer Adept Training |
| 16:14 | Skeletal Mastery |
| 16:14 | Necromancer |
| 16:15 | Necromancer |
| 16:21 | Ghoul |
| 16:21 | Ghoul |
| 16:21 | Ghoul |
| 16:39 | Advanced Creature Attack |
| 17:00 | Scroll of Town Portal |
| 17:01 | Potion of Lesser Invulnerability |
| 17:09 | Scroll of Protection |
| 17:09 | Scroll of Healing |
| 17:25 | Frost Armor |
| 17:38 | Improved Unholy Armor |
| 19:42 | Crypt Fiend |
| 19:42 | Crypt Fiend |
| 19:47 | Locust Swarm |
| 19:59 | Necromancer |
| 20:01 | Necromancer |
| 20:37 | Scroll of Town Portal |
| 22:18 | Frost Nova |
| 23:15 | Web |
| 24:04 | Gargoyle |
| 24:04 | Gargoyle |
| 24:05 | Gargoyle |
| 24:05 | Gargoyle |
| 24:06 | Gargoyle |
| 24:06 | Gargoyle |
| 24:17 | Tomb of Relics |
| 26:44 | Advanced Creature Carapace |
| 27:20 | Gargoyle |
| 28:44 | Gargoyle |
| 28:45 | Gargoyle |
| 28:45 | Gargoyle |
| 31:05 | Acolyte |
| 31:05 | Acolyte |
| 31:05 | Acolyte |
| 31:06 | Acolyte |
| 31:06 | Acolyte |
| Right click | 791 |
| Select group | 684 |
| Select | 486 |
| Chat | 179 |
| Build/train/purchase | 103 |
| Misc. action | 68 |
| Assign group | 63 |
| Use ability | 25 |
49 units @ 6k
/ 0.6k
17 buildings @ 2.9k
/ 0.8k


| Rod of Necromancy | 1 | 150 |
| Ritual Dagger | 1 | 125 |
| Potion of Mana | 3 | 600 |
| Potion of Healing | 1 | 150 |
| Scroll of Town Portal | 1 | 350 |
| total: | 7 | 1375g |
| Acolyte | 28 | 2100 | / | 0 |
| Ghoul | 8 | 960 | / | 0 |
| Crypt Fiend | 12 | 2580 | / | 480 |
| Frost Wyrm | 1 | 385 | / | 120 |
| total: | 49 | 6025g | / | 600w |
| Spirit Tower | 1 | 145 | / | 40 |
| Nerubian Tower | 3 | 300 | / | 60 |
| Crypt | 1 | 200 | / | 50 |
| Ziggurat | 9 | 1350 | / | 450 |
| Altar of Darkness | 1 | 180 | / | 50 |
| Tomb of Relics | 1 | 130 | / | 30 |
| Necropolis | 3 | 675 | / | 0 |
| Graveyard | 1 | 215 | / | 0 |
| Boneyard | 1 | 175 | / | 200 |
| Halls of the Dead | 1 | 320 | / | 210 |
| Black Citadel | 1 | 325 | / | 230 |
| total: | 17 | 2925g | / | 780w |
| 0:04 | Acolyte |
| 0:04 | Acolyte |
| 0:04 | Acolyte |
| 0:12 | Crypt |
| 0:20 | Ziggurat |
| 0:53 | Altar of Darkness |
| 0:58 | Ziggurat |
| 1:14 | Ghoul |
| 1:20 | Ghoul |
| 1:35 | Tomb of Relics |
| 1:45 | Ghoul |
| 2:00 | Ziggurat |
| 2:11 | Ghoul |
| 2:27 | Ghoul |
| 2:40 | Ghoul |
| 2:52 | Rod of Necromancy |
| 3:05 | Ritual Dagger |
| 3:28 | Ghoul |
| 3:28 | Ghoul |
| 3:31 | Carrion Beetles |
| 3:53 | Spiked Carapace |
| 4:23 | Necropolis |
| 4:44 | Acolyte |
| 4:45 | Acolyte |
| 4:45 | Acolyte |
| 4:45 | Acolyte |
| 5:00 | Graveyard |
| 6:31 | Halls of the Dead |
| 6:33 | Crypt Fiend |
| 6:33 | Crypt Fiend |
| 6:34 | Crypt Fiend |
| 6:40 | Creature Attack |
| 6:53 | Ziggurat |
| 6:54 | Ziggurat |
| 6:54 | Ziggurat |
| 6:55 | Ziggurat |
| 7:03 | Ziggurat |
| 7:20 | Spirit Tower |
| 7:23 | Creature Carapace |
| 7:23 | Unholy Armor |
| 7:48 | Nerubian Tower |
| 7:51 | Nerubian Tower |
| 8:09 | Nerubian Tower |
| 8:27 | Crypt Fiend |
| 8:27 | Crypt Fiend |
| 8:37 | Acolyte |
| 8:37 | Acolyte |
| 8:59 | Acolyte |
| 9:00 | Acolyte |
| 9:33 | Acolyte |
| 9:38 | Acolyte |
| 9:39 | Acolyte |
| 9:39 | Acolyte |
| 9:39 | Acolyte |
| 9:41 | Acolyte |
| 9:56 | Potion of Mana |
| 9:57 | Potion of Healing |
| 9:59 | Scroll of Town Portal |
| 10:18 | Crypt Fiend |
| 10:23 | Frost Nova |
| 10:37 | Acolyte |
| 10:37 | Acolyte |
| 10:42 | Acolyte |
| 10:49 | Acolyte |
| 11:31 | Crypt Fiend |
| 11:31 | Crypt Fiend |
| 12:16 | Black Citadel |
| 12:21 | Improved Creature Carapace |
| 12:27 | Web |
| 12:45 | Potion of Mana |
| 12:54 | Crypt Fiend |
| 13:01 | Ziggurat |
| 14:40 | Boneyard |
| 14:49 | Crypt Fiend |
| 14:49 | Crypt Fiend |
| 14:49 | Crypt Fiend |
| 15:53 | Frost Wyrm |
| 16:09 | Potion of Mana |
| 16:21 | Freezing Breath |
| 16:44 | Acolyte |
| 16:44 | Acolyte |
| 16:48 | Acolyte |
| 17:33 | Acolyte |
| 17:33 | Acolyte |
| 19:08 | Necropolis |
| 23:44 | Necropolis |
| 25:22 | Acolyte |
| 25:22 | Acolyte |
| Right click | 383 |
| Select | 207 |
| Build/train/purchase | 115 |
| Misc. action | 42 |
| Use ability | 15 |
| Remove unit | 9 |
| Select group | 5 |
| Assign group | 2 |
⇛